 Dungeon Crawl Stone Soup version 0.20.2-3-g29329e0561 (webtiles) character file.

84 Alfie the Shield-Bearer (level 4, -5/40 HPs)
             Began as a Hill Orc Fighter on Jan 31, 2024.
             Slain by Alfie's ghost (9 damage)
             ... on level 3 of the Dungeon.
             The game lasted 00:04:12 (1345 turns).

Alfie the Shield-Bearer (Hill Orc Fighter)          Turns: 1345, Time: 00:04:13

Health: -5/40      AC: 11    Str: 24    XL:     4   Next: 45%
Magic:  4/4        EV:  7    Int:  8    God:
Gold:   147        SH: 10    Dex: 10    Spells: 3/3 levels left

rFire    . . .     SeeInvis .   a - +0 rapier
rCold    + . .     Gourm    .   c - +0 shield
rNeg     . . .     Faith    .   b - +0 scale mail
rPois    .         Spirit   .   (no helmet)
rElec    .         Reflect  .   (no cloak)
rCorr    .         Harm     .   e - +0 pair of gloves
MR       .....                  s - +2 pair of boots
Stlth    ..........             (no amulet)
Regen    0.2/turn               j - ring of protection from cold
MPRegen  0.1/turn               (no ring)

@: mighty
A: no striking features
a: no special abilities


You were on level 3 of the Dungeon.
You were not hungry.

You visited 1 branch of the dungeon, and saw 3 of its levels.

You collected 147 gold pieces.

Inventory:

Hand Weapons
 a - a +0 rapier (weapon)
Armour
 b - a +0 scale mail (worn)
 c - a +0 shield (worn)
 e - a +0 pair of gloves (worn)
 s - a +2 pair of boots (worn)
Jewellery
 j - a ring of protection from cold (left hand)
 o - an uncursed ring of ice {unknown}
Scrolls
 g - 2 scrolls of identify {unknown}
 h - 2 scrolls of remove curse {unknown}
 n - 2 scrolls of blinking {unknown}
 p - a scroll of enchant armour {unknown}
 q - a scroll of fear {unknown}
 r - 3 scrolls of amnesia {unknown}
Potions
 i - a potion of flight {unknown}
 l - a potion of heal wounds {unknown}
 m - a potion of haste {unknown}
Comestibles
 f - 3 bread rations
 k - a meat ration


   Skills:
 + Level 4.0 Fighting
 + Level 2.6 Short Blades
 + Level 4.0 Armour
 + Level 0.4 Dodging
 + Level 0.3 Stealth
 + Level 4.1 Shields


You had 3 spell levels left.
You didn't know any spells.

Dungeon Overview and Level Annotations

Branches:
Dungeon (3/15)

Altars:

Annotations:
D:3 Alfie's ghost, amateur MiFi


Message History

Alfie's ghost is moderately damaged.
Alfie's ghost ripples.
Alfie's ghost hits you but does no damage.
You hit Alfie's ghost.
Alfie's ghost is heavily damaged.
Alfie's ghost hits you.
* * * LOW HITPOINT WARNING * * *
You hit Alfie's ghost.
Alfie's ghost is heavily damaged.
Alfie's ghost hits you but does no damage.
You completely miss Alfie's ghost.
Alfie's ghost is heavily damaged.
You block Alfie's ghost's attack.
You barely miss Alfie's ghost.
Alfie's ghost is heavily damaged.
Alfie's ghost completely misses you.
You puncture Alfie's ghost!
Alfie's ghost is severely damaged.
Alfie's ghost hits you!
You die...

.. ...... #.. ..
##..#.####.(. ..#
##..#.......#
...##..#.......##
#...............#
#....###........######..
###.....................
..............)W@.......
.#..#.####.....###......
.#....# #..........###..
#...#.# #......!##..
...##.# #...<...#
#.###.#........## <.#
#.....#...## .##
###...##### ..


You could see Alfie's ghost.

Vanquished Creatures
  An adder (D:2)
  3 worms
  3 dart slugs (D:1)
  A leopard gecko (D:3)
  5 bats
  6 giant cockroaches
  6 goblins
  3 hobgoblins
  10 jackals
  4 kobolds
  A quokka (D:3)
  2 frilled lizards
  7 rats
52 creatures vanquished.

Notes
Turn   | Place    | Note
-------+----------+-------------------------------------------
     0 | D:1      | Alfie the Hill Orc Fighter began the quest for the Orb.
     0 | D:1      | Reached XP level 1. HP: 19/19 MP: 1/1
    70 | D:1      | Reached XP level 2. HP: 23/27 MP: 2/2
   437 | D:1      | Reached XP level 3. HP: 32/33 MP: 3/3
   998 | D:2      | Reached XP level 4. HP: 40/40 MP: 4/4
  1325 | D:3      | Noticed Alfie's ghost (amateur MiFi)
  1345 | D:3      | Slain by Alfie's ghost

Skill      XL: |  1  2  3  4 |
---------------+-------------+-----
Fighting       | 4 |  4.0
Shields        | 4 |  4.1
Armour         | 4 |  4.0
Short Blades   | |  2.6
Dodging        | |  0.4
Stealth        | |  0.3

Action                   |  1- 3 |  4- 6 || total
-------------------------+-------+-------++-------
Melee: Rapier            |   145 |    83 ||   228
  Use: Potion            |       |     1 ||     1
  Eat: Bread ration      |       |     1 ||     1
Armor: Scale mail        |    95 |    51 ||   146
Dodge: Dodged            |    67 |    23 ||    90
Block: Shield            |    93 |    45 ||   138
